 Dungeon Crawl Stone Soup version 0.32-a0-898-g7811c86cf0 (webtiles) character file.

Game seed: 18085103660480009253

77312 Biggs the Marksgoblin (level 15, 0/127 HPs)
             Began as a Coglin Hunter on Apr 4, 2024.
             Was the Champion of Okawaru.
             Succumbed to a redback's poison
             ... on level 1 of the Spider Nest.
             The game lasted 00:25:02 (17829 turns).

Biggs the Marksgoblin (Coglin Hunter)              Turns: 17829, Time: 00:25:03

Health: 0/127      AC: 14    Str: 11    XL:     15   Next: 56%
Magic:  20/20      EV: 19    Int: 10    God:    Okawaru [******]
Gold:   626        SH:  0    Dex: 27    Spells: 14/14 levels left

rFire   . . .        a - +5 sling {Chinhae}
rCold   + . .        F - +2 hand cannon (flame) {Hua}
rNeg    . . .        r - +3 leather armour {Will+}
rPois   +            B - +0 helmet
rElec   .            v - +1 cloak
rCorr   +            c - +0 pair of gloves {Dex+3}
SInv    .            E - +3 pair of mountain boots {steadfast, rC+}
Will    ++...        (amulet unavailable)
Stlth   ++           (ring unavailable)
HPRegen 0.41/turn    (ring unavailable)
MPRegen 0.17/turn    L - reticulated transmogrifier {AutoDazzle, rPois rCorr Slay+3}

%: no passive effects
@: lethally poisoned (0 -> -58), revved
A: off-hand wielding, slow wielding, warmup strikes, no jewellery
a: Renounce Religion, Heroism, Finesse, Duel


You were on level 1 of the Spider Nest.
You worshipped Okawaru.
Okawaru was exalted by your worship.
You visited 4 branches of the dungeon, and saw 17 of its levels.

You collected 973 gold pieces.
You spent 347 gold pieces at shops.

Inventory:

Hand Weapons
 a - a +5 sling (weapon) {Chinhae}
 d - a +0 sling {Consuela}
 F - a +2 hand cannon of flaming (offhand) {Hua}
Armour
 c - a +0 pair of gloves of dexterity (worn)
 j - a +0 cloak
 r - a +3 leather armour of willpower (worn)
 v - a +1 cloak (worn)
 B - a +0 helmet (worn)
 E - the +3 pair of mountain boots (worn) {steadfast, rC+}
   (Okawaru gifted it to you on level 1 of the Lair of Beasts)

   Steadfast: It prevents involuntary movement, except for blinking,
   teleportation, or banishment.
   rC+:       It protects you from cold.
Gizmo
 L - a reticulated transmogrifier (installed) {AutoDazzle, rPois rCorr Slay+3}
   (You invented it yourself on level 4 of the Lair of Beasts)

   [reticulated transmogrifier]

   AutoDazzle: It sometimes fires a blinding ray at enemies whose attacks you
   dodge.
   Slay+3:    It affects your accuracy & damage with ranged weapons and melee
   (+3).
   rPois:     It protects you from poison.
   rCorr:     It protects you from acid and corrosion.
Wands
 u - a wand of polymorph (18)
 w - a wand of paralysis (6)
 G - a wand of iceblast (9)
 I - a wand of flame (8)
Scrolls
 b - 7 scrolls of teleportation
 g - 2 scrolls of noise
 h - 6 scrolls of immolation
 m - 2 scrolls of amnesia {unknown}
 s - 6 scrolls of revelation
 t - 4 scrolls of poison
 x - 2 scrolls of summoning
 y - 4 scrolls of fog
 A - a scroll of fear {unknown}
 C - 4 scrolls of vulnerability {unknown}
 K - 4 scrolls of identify
 N - a scroll of enchant armour {unknown}
Potions
 e - 2 potions of degeneration {unknown}
 f - 5 potions of invisibility
 i - 2 potions of haste {unknown}
 k - 9 potions of curing
 l - 3 potions of enlightenment {unknown}
 n - 5 potions of mutation
 o - 3 potions of might
 p - 3 potions of lignification {unknown}
 q - 8 potions of heal wounds {unknown}
 z - 3 potions of attraction {unknown}
 H - a potion of berserk rage {unknown}
 J - a potion of magic {unknown}
 M - 2 potions of brilliance {unknown}
Miscellaneous
 D - a phial of floods


   Skills:
 - Level 14.5 Fighting
 - Level 18.0 Ranged Weapons
 - Level 9.5 Dodging
 - Level 0.7 Stealth
 + Level 7.1 Invocations


You had 14 spell levels left.
You didn't know any spells.
Your spell library contained the following spells:

 Spells                   Type           Power      Damage    Failure   Level
 Blink                    Tloc           0%         N/A       58%         2
 Cigotuvi's Dreadful Rot  Necr/Alch/Air  0%         N/A       58%         2
 Lesser Beckoning         Tloc           0%         N/A       58%         2
 Mercury Vapours          Alch/Air       0%         N/A       58%         2
 Momentum Strike          Conj/Tloc      0%         3d8       58%         2
 Mephitic Cloud           Conj/Alch/Air  0%         N/A       83%         3
 Ignite Poison            Fire/Alch      0%         N/A       99%         4
 Freezing Cloud           Conj/Ice/Air   0%         6-21      100%        5
 Iskenderun's Battlesphe  Conj           0%         2d6       100%        5
 Bombard                  Conj/Erth      0%         9d1       100%        6
 Spellforged Servitor     Conj/Summ      Unusable   N/A       N/A         7

Dungeon Overview and Level Annotations

Branches:
Dungeon (9/15)             Temple (1/1) D:4            Lair (5/5) D:9
  Swamp (0/4) Lair:3       Spider (2/4) Lair:2        Slime (0/5) Lair:4
    Orc: D:9-12

Altars:
Ashenzari
Cheibriados
Dithmenos
Elyvilon
Fedhas
Gozag
Hepliaklqana
Kikubaaqudgha
Makhleb
Nemelex Xobeh
Okawaru
Qazlal
Ru
Sif Muna
Trog
Uskayaw
Vehumet
Wu Jian
Xom
Yredelemnul
Zin
The Shining One
Jiyva

Shops:
D:3 =   D:9 !*!?

Annotations:
D:3 Dowan, Duvessa
D:5 1 runed translucent door, Crazy Yiuf
Lair:3 3 runed translucent doors, RBrandon's ghost, journeyman MDFE
Lair:4 exclusion: oklob plant
Lair:5 exclusion: obsidian statue


Innate Abilities, Weirdness & Mutations

You can wield a second weapon in your off-hand.
It takes a long time for you to wield or remove held weapons.
Your first few attacks do less damage.
You cannot equip rings or amulets.


Message History

The tarantella completely misses you.
A redback comes into view.
The redback misses you.
You shoot a slug. The slug hits the tarantella!
The slug burns the tarantella.
The tarantella is severely wounded.
You shoot a sling bullet.
The sling bullet hits the tarantella but does no damage.
The tarantella is severely wounded.
You feel extremely sick. The redback bites you! The culicivora bites you!
The culicivora draws strength from your injuries!
The redback misses you. The tarantella closely misses you.
The redback barely misses you.
You are too injured to fight recklessly!
You are too injured to fight recklessly!
You are too injured to fight recklessly!
Fire: a) +5 sling {Chinhae}
Press: ? - help, Q - select action, (/) - cycle Shift-Dir - straight line, f/p - tarantella
Aim: a tarantella (magical condensation, severely wounded, 71% to hit)
You shoot a slug. The slug hits the tarantella!!
The slug burns the tarantella.
You kill the tarantella!
Okawaru accepts your kill.
You shoot a sling bullet.
You feel extremely sick. The culicivora misses you.
The redback closely misses you. The redback bites you.
You are lethally poisoned!
The redback poisons you! The culicivora completely misses you.
The redback bites you but does no damage.
Unknown command.
* * * LOW HITPOINT WARNING * * *
You feel extremely sick.
The redback bites you but does no damage.
The culicivora bites you.
* * * LOW HITPOINT WARNING * * *
The culicivora draws strength from your injuries!
The redback completely misses you. The redback bites you.
* * * LOW HITPOINT WARNING * * *
You climb upwards.
You die...

#### ##.........#....# ##..##
##.......#.......#
##....####...............##
#.#......#†...............# #
##........................#
###..#................#...#
..#.......^...............#######
...........#...s..........##.##.#
..........#.....@s..####.........
.........#......s..## #####...#.
..........#...#....## #.....
####....#.###.#.....# #...#.
#......## ####....# #####.
#..#.### ##...# #. ###### ##..#
#. #### ##


You could see a culicivora and 2 redbacks.

Vanquished Creatures
  A broodmother (Spider:1)
  Nessos (Lair:3)
  3 dire elephants (Lair:5)
  Josephine (Lair:3)
  2 entropy weavers
  5 hydras
  A catoblepas (Lair:5)
  3 radroaches (Spider:1)
  A two-headed ogre (D:8)
  2 boulder beetles (Spider:1)
  9 death yaks
  2 demonic crawlers (Spider:1)
  2 pharaoh ants (Spider:1)
  2 spectral death yaks (Lair:5)
  3 skysharks
  A spectral anaconda (Lair:5)
  2 lindwurms
  3 necromancers (Lair:5)
  4 steelbarb worms (Spider:1)
  An oklob plant (Lair:4)
  5 wolf spiders (Spider:1)
  A moth of wrath (Spider:1)
  4 meliai
  20 elephants
  4 black mambas
  18 cane toads
  11 rime drakes
  9 komodo dragons
  A polar bear (Lair:5)
  A hornet (D:7)
  Prince Ribbit (D:5)
  3 spectral elephants (Lair:5)
  11 jumping spiders (Spider:1)
  7 tarantellas
  2 dream sheep (Lair:4)
  10 blink frogs
  4 culicivoras
  55 yaks
  3 wraiths (Lair:3)
  A shadow (D:9)
  9 wyverns
  A steam dragon (D:7)
  6 basilisks
  A death yak simulacrum (Lair:5)
  19 redbacks
  Menkaure (D:5)
  A hell hound (Lair:4)
  19 water moccasins
  5 ice beasts
  4 orc warriors
  A sky beast (D:8)
  An ogre (D:7)
  8 wolves
  A centaur (D:9)
  An elephant skeleton (Lair:5)
  2 phantoms
  A kobold brigand (D:8)
  12 bullfrogs
  A cane toad simulacrum (Lair:5)
  Blork the orc (D:5)
  4 scorpions
  4 wights (D:9)
  11 killer bees
  An elephant simulacrum (Lair:5)
  2 electric eels
  A howler monkey (D:7)
  2 bombardier beetles
  2 jellies
  2 hounds
  2 orc priests
  A gnoll bouda (Lair:4)
  2 sleepcaps
  Terence (D:2)
  5 iguanas
  7 orc wizards
  6 hell rats (Lair:4)
  3 gnolls (D:7)
  An adder (D:3)
  A shadow imp (D:7)
  2 white imps (D:8)
  4 ufetubi
  A dart slug (D:3)
  27 orcs
  5 ball pythons
  2 endoplasms
  6 giant cockroaches
  5 goblins
  A hobgoblin (D:2)
  3 jackals (D:3)
  8 kobolds
  4 quokkas
  2 bats
  4 frilled lizards
  7 rats
454 creatures vanquished.

Notes
Turn   | Place    | Note
-------+----------+-------------------------------------------
     0 | D:1      | Biggs the Coglin Hunter began the quest for the Orb.
     0 | D:1      | Reached XP level 1. HP: 16/16 MP: 1/1
   276 | D:1      | Reached skill level 4 in Ranged Weapons
   276 | D:1      | Reached XP level 2. HP: 22/22 MP: 2/2
   749 | D:2      | Found a snail-covered altar of Cheibriados.
   751 | D:2      | Noticed Terence
   761 | D:2      | Killed Terence
   762 | D:2      | Reached XP level 3. HP: 16/27 MP: 3/3
  1533 | D:3      | Found Xooh's Jewellery Emporium.
  1578 | D:3      | Reached skill level 5 in Ranged Weapons
  1578 | D:3      | Reached XP level 4. HP: 33/33 MP: 4/4
  2226 | D:4      | Noticed Duvessa
  2226 | D:4      | Noticed Dowan
  2226 | D:4      | Noticed a scorpion
  2263 | D:4      | Reached XP level 5. HP: 32/38 MP: 5/5
  2472 | D:4      | Reached skill level 6 in Ranged Weapons
  2509 | D:4      | Found a sparkling altar of Nemelex Xobeh.
  2514 | D:4      | Found a hazy altar of Hepliaklqana.
  2545 | D:4      | Reached XP level 6. HP: 37/44 MP: 6/6
  2696 | D:4      | Found a staircase to the Ecumenical Temple.
  2708 | Temple   | Entered the Ecumenical Temple
  2781 | Temple   | Became a worshipper of Warmaster Okawaru
  2939 | D:4      | Noticed an orc warrior
  2949 | D:4      | Reached skill level 7 in Ranged Weapons
  3007 | D:4      | HP: 1/44 [ogre/+0 giant spiked club (28)]
  3333 | D:4      | Found an opulent altar of Gozag.
  3395 | D:4      | Identified a scroll of acquirement
  3400 | D:4      | Acquired a +0 pair of gloves of dexterity
  3414 | D:5      | Entered Level 5 of the Dungeon
  3420 | D:5      | Noticed a water moccasin
  3431 | D:5      | Killed a water moccasin
  3431 | D:5      | Reached * piety under Okawaru
  3432 | D:5      | Reached XP level 7. HP: 36/50 MP: 7/7
  3552 | D:5      | Noticed Prince Ribbit
  3560 | D:5      | Killed Prince Ribbit
  3561 | D:5      | Reached skill level 8 in Ranged Weapons
  3601 | D:5      | Found a runed translucent door.
  3602 | D:5      | Noticed Crazy Yiuf
  3633 | D:5      | Noticed Menkaure
  3638 | D:5      | Killed Menkaure
  3639 | D:5      | Reached XP level 8. HP: 17/56 MP: 8/8
  3747 | D:5      | Reached skill level 9 in Ranged Weapons
  3875 | D:5      | Noticed Blork the orc
  3881 | D:5      | Killed Blork the orc
  3881 | D:5      | Reached ** piety under Okawaru
  4089 | D:5      | Found a shimmering blue altar of Sif Muna.
  4334 | D:6      | Found a radiant altar of Vehumet.
  4642 | D:6      | Reached skill level 5 in Fighting
  5387 | D:7      | Reached XP level 9. HP: 68/68 MP: 9/9
  5405 | D:7      | Reached skill level 5 in Dodging
  5543 | D:7      | Noticed a hornet
  5558 | D:7      | Paralysed by a hornet for 3 turns
  5563 | D:7      | Killed a hornet
  5563 | D:7      | Reached *** piety under Okawaru
  6492 | D:8      | Noticed a two-headed ogre
  6500 | D:8      | Killed a two-headed ogre
  6500 | D:8      | Reached **** piety under Okawaru
  6501 | D:8      | Reached XP level 10. HP: 71/74 MP: 10/10
  7237 | D:9      | Found Oruela's Distillery.
  7252 | D:9      | Bought a potion of curing for 39 gold pieces
  7252 | D:9      | Bought a potion of mutation for 104 gold pieces
  7252 | D:9      | Bought a potion of mutation for 104 gold pieces
  7274 | D:9      | Found Buttaduo's General Store.
  7277 | D:9      | Bought a potion of curing for 33 gold pieces
  7277 | D:9      | Bought a scroll of identify for 22 gold pieces
  7394 | D:9      | Reached skill level 10 in Ranged Weapons
  7406 | D:9      | Reached ***** piety under Okawaru
  7636 | D:9      | Found Pihuzar's Distillery.
  7640 | D:9      | Found Soedgheo's Magic Scroll Shop.
  7648 | D:9      | Bought a potion of curing for 45 gold pieces
  7795 | D:9      | Found a staircase to the Lair.
  7942 | Lair:1   | Entered Level 1 of the Lair of Beasts
  7970 | Lair:1   | Reached skill level 11 in Ranged Weapons
  7993 | Lair:1   | Noticed a cane toad
  8003 | Lair:1   | Killed a cane toad
  8110 | Lair:1   | Noticed a cane toad
  8118 | Lair:1   | Killed a cane toad
  8118 | Lair:1   | Received a gift from Okawaru
  8140 | Lair:1   | Noticed an elephant
  8140 | Lair:1   | Noticed an elephant
  8192 | Lair:1   | Reached XP level 11. HP: 32/79 MP: 11/11
  8366 | Lair:1   | Reached skill level 12 in Ranged Weapons
  8906 | Lair:1   | Noticed a lindwurm
  8906 | Lair:1   | Noticed a six-headed hydra
  8906 | Lair:1   | Noticed a death yak
  9257 | Lair:1   | Reached skill level 13 in Ranged Weapons
  9280 | Lair:1   | Received a gift from Okawaru
  9636 | Lair:1   | Reached ****** piety under Okawaru
  9668 | Lair:1   | Acquired the +3 pair of mountain boots {steadfast, rC+}
  9668 | Lair:1   | Received a gift from Okawaru
  9668 | Lair:1   | Found the +3 pair of mountain boots {steadfast, rC+}
  9675 | Lair:1   | Acquired a +1 hand cannon of flaming
  9675 | Lair:1   | Received a gift from Okawaru
  9874 | Lair:1   | Killed a six-headed hydra
  9875 | Lair:1   | Reached skill level 14 in Ranged Weapons
 10081 | Lair:1   | Killed a lindwurm
 10177 | Lair:1   | Noticed a skyshark
 10186 | Lair:1   | Killed a skyshark
 10187 | Lair:1   | Reached XP level 12. HP: 52/86 MP: 12/12
 10500 | Lair:2   | Received a gift from Okawaru
 10695 | Lair:2   | Reached skill level 15 in Ranged Weapons
 11362 | Lair:2   | Found a hole to the Spider Nest.
 11785 | Lair:3   | Received a gift from Okawaru
 11832 | Lair:3   | Reached skill level 16 in Ranged Weapons
 11842 | Lair:3   | Found a staircase to the Swamp.
 11861 | Lair:3   | Noticed a skyshark
 11871 | Lair:3   | Killed a skyshark
 12083 | Lair:3   | Noticed Nessos
 12089 | Lair:3   | HP: 1/86 [Nessos/iceblast (8)]
 12091 | Lair:3   | Killed Nessos
 12383 | Lair:3   | Noticed Josephine
 12387 | Lair:3   | Killed Josephine
 12387 | Lair:3   | Received a gift from Okawaru
 12388 | Lair:3   | Reached XP level 13. HP: 91/91 MP: 13/13
 12393 | Lair:3   | Reached skill level 17 in Ranged Weapons
 12546 | Lair:3   | Noticed RBrandon's ghost (journeyman MDFE)
 12547 | Lair:3   | Noticed a minotaur
 12565 | Lair:3   | Found a runed translucent gate.
 12565 | Lair:3   | Found a runed translucent gate.
 12565 | Lair:3   | Found a runed translucent gate.
 12824 | Lair:4   | Found a staircase to the Slime Pits.
 12825 | Lair:4   | Found a viscous altar of Jiyva.
 13095 | Lair:4   | Received a gift from Okawaru
 13106 | Lair:4   | Reached skill level 18 in Ranged Weapons
 13637 | Lair:4   | Received a gift from Okawaru
 13702 | Lair:4   | Received a gift from Okawaru
 13944 | Lair:4   | Reached XP level 14. HP: 109/109 MP: 14/14
 13944 | Lair:4   | Acquired a reticulated transmogrifier {AutoDazzle, rPois
                  | rCorr Slay+3}
 14249 | Lair:5   | Entered Level 5 of the Lair of Beasts
 14264 | Lair:5   | Reached skill level 10 in Fighting
 14410 | Lair:5   | HP: 3/111 [cane toad (7)]
 14946 | Lair:5   | Received a gift from Okawaru
 15436 | Lair:5   | Noticed a dire elephant
 15509 | Lair:5   | Noticed a dire elephant
 15509 | Lair:5   | Noticed a dire elephant
 15516 | Lair:5   | Killed a dire elephant
 15982 | Lair:5   | Received a gift from Okawaru
 16247 | Lair:5   | Killed a dire elephant
 16582 | Lair:5   | Killed a dire elephant
 16718 | Spider:1 | Entered Level 1 of the Spider Nest
 16770 | Spider:1 | Received a gift from Okawaru
 16772 | Spider:1 | Reached XP level 15. HP: 127/127 MP: 15/15
 16779 | Spider:1 | Reached skill level 1 in Invocations
 17178 | Spider:1 | Reached skill level 5 in Invocations
 17256 | Spider:1 | Received a gift from Okawaru
 17829 | Spider:1 | Succumbed to a redback's poison

Illustrated notes

Levels and vault maps discovered:
D:1:      spicycebolla_green_bress_n_ham_2, layout_basic
D:2:      layout_loops_ring, basic_altar, minmay_pentomino_q2, uniq_terence
D:3:      layout_basic, serial_shops, shop, chequers_mini_garden
D:4:      minmay_clustersquares, layout_cave_pools,
          gammafunk_temple_overflow_forgotten, temple_green,
          gup_sewer_entry_bubbles, serial_park_tiny_1, uniq_duvessa
D:5:      layout_rooms, tgw_sif, uniq_crazy_yiuf_cottage, uniq_blork_the_orc,
          uniq_prince_ribbit1, uniq_menkaure
D:6:      layout_loops_corners, lemuel_doored_altar
D:7:      minmay_general_purpose_star, layout_basic, enter_ossuary_3,
          kennysheep_generic_room_7
D:8:      layout_basic
D:9:      layout_loops_ring, hellmonk_lair_entry_icy, serial_shops,
          nicolae_diamond_shop, nicolae_shop_behind_doors, nicolae_shop_crystal,
          shop, shop
Temple:   minmay_temple_bridge_d
Lair:1:   layout_roguey, minmay_shattered_shrine, serial_bayou_shore_a
Lair:2:   layout_cave_pods, hellmonk_spider_entry_not_the_bees
Lair:3:   layout_small_grid, swamp_mist, maelrawn_ghost_gauntlet_escape,
          st_stairs_12, small_statue_intersection, uniq_josephine, uniq_nessos
Lair:4:   layout_cave_pods, minmay_slime_entry_oklob_open, special_room
          [special_room_mythical_zoo], dreamdust_gnoll_shepherd,
          grunt_megastairs_5
Lair:5:   due_jungle_book, layout_gridlike, grunt_forest_small_clearings,
          nicolae_lair_yak_garden, infiniplex_staircase_pool
Spider:1: nicolae_spider_hilbert_zone_1 [nicolae_spider_hilbert_4_sides_1_open,
          nicolae_spider_hilbert_4_sides_1_open,
          nicolae_spider_hilbert_4_sides_1_open,
          nicolae_spider_hilbert_4_sides_1_open,
          nicolae_spider_hilbert_3_sides_1_open,
          nicolae_spider_hilbert_3_sides_1_open,
          nicolae_spider_hilbert_3_sides_1_open,
          nicolae_spider_hilbert_3_sides_1_open,
          nicolae_spider_hilbert_3_sides_1_open,
          nicolae_spider_hilbert_6_sides_1_open,
          nicolae_spider_hilbert_6_sides_1_open,
          nicolae_spider_hilbert_3_sides_1_open,
          nicolae_spider_hilbert_3_sides_1_open,
          nicolae_spider_hilbert_3_sides_1_open,
          nicolae_spider_hilbert_3_sides_1_open,
          nicolae_spider_hilbert_2_sides_1_open]
Spider:2: cheibrodos_spider_silkery

Skill      XL: |  1  2  3  4  5  6  7  8  9 10 11 12 13 14 15 |
---------------+----------------------------------------------+-----
Ranged Weapons | 4 5 6 7 8 9 11 14 16 18 | 18.0
Fighting       | 5 9 14 | 14.5
Dodging        | 4 9 |  9.5
Invocations    | 7 |  7.1
Stealth        | |  0.7

Action                     |  1- 3 |  4- 6 |  7- 9 | 10-12 | 13-15 || total
---------------------------+-------+-------+-------+-------+-------++-------
   Fire: Sling             |    96 |   264 |   440 |   854 |   627 ||  2281
         Hand cannon       |       |       |       |   192 |   627 ||   819
 Invoke: Receive Weapon    |       |       |       |     1 |       ||     1
         Receive Armour    |       |       |       |     1 |       ||     1
Ability: Invent Gizmo      |       |       |       |       |     1 ||     1
  Evoke: Wand              |       |       |     7 |     3 |       ||    10
    Use: Scroll            |       |     8 |     6 |     5 |     3 ||    22
         Potion            |       |     1 |       |     2 |       ||     3
 Armour: Leather armour    |     6 |    53 |    52 |   162 |   231 ||   504
  Dodge: Dodged            |     3 |    37 |    63 |   252 |   369 ||   724

Table legend: (Time is in decaauts)
 A = Elapsed time spent in this place.
 B = Non-inter-level travel time spent in this place.
 C = Inter-level travel time spent in this place.
 D = Time resting spent in this place.
 E = Time spent auto-exploring this place.
 F = Levels seen in this place.
 G = Mean time per level.
                   A        B        C        D        E       F      G
               +--------+--------+--------+--------+--------+-----+--------+
         Total |  17796 |  16998 |    798 |   1388 |  13001 |  17 | 1046.8 |
       Dungeon |   7846 |   7326 |    520 |    189 |   5972 |   9 |  871.8 |
        Temple |    146 |      2 |    144 |      0 |      0 |   1 |  146.0 |
          Lair |   8712 |   8597 |    115 |   1199 |   6167 |   5 | 1742.4 |
   Spider Nest |   1090 |   1071 |     19 |      0 |    862 |   2 |  545.0 |
               +--------+--------+--------+--------+--------+-----+--------+

Top non-repeatable levels by time:
  Lair:1: 2467 daAuts
  Lair:5: 2118 daAuts
  Lair:4: 1562 daAuts
  Lair:2: 1341 daAuts
  Lair:3: 1222 daAuts
     D:3: 1138 daAuts
Spider:1: 1075 daAuts
     D:7: 1065 daAuts
     D:6: 986 daAuts
     D:8: 918 daAuts
     D:5: 853 daAuts
     D:4: 762 daAuts
     D:1: 732 daAuts
     D:9: 698 daAuts
     D:2: 690 daAuts
